Map: Вечная империя РВ

Players

MindelVK - Winner!

  • Race: Protoss Protoss
  • Spawn Location: 7:00

ИИ 1 (новичок)

  • Race: Terran Terran
  • Spawn Location: 1:00

VOD

Have the link to the VOD?

Description

Time

  • Played on: April 24, 2020, 2:05 a.m.
  • Length: 5:24
Show
View Real Time Build Order
Export as new Build Order

MindelVK Protoss - Winner!

Build Orders: 1 Gate Expand 

Get SALT Encoding   

  12  0:01  Probe  
  13  0:13  Probe  
  14  0:17  Pylon  
  14  0:25  Probe (Chrono Boost)  
  15  0:37  Probe (Chrono Boost), Gateway  
  16  0:45  Probe (Chrono Boost)  
  16  0:47  Assimilator  
  17  0:51  Probe  
  18  1:03  Probe  
  19  1:15  Probe  
  20  1:23  Nexus  
  20  1:33  Cybernetics Core  
  20  1:36  Probe  
  21  1:41  Assimilator  
  21  1:48  Probe  
  21  1:51  Pylon  
  22  2:00  Probe (Chrono Boost)  
  23  2:07  Adept (Chrono Boost)  
  23  2:11  Probe (Chrono Boost), Warp Gate  
  26  2:16  Probe (Chrono Boost)  
  27  2:27  Probe  
  28  2:30  Stalker  
  28  2:34  Twilight Council  
  30  2:38  Probe (Chrono Boost)  
  30  2:44  Probe (Chrono Boost)  
  32  2:49  Probe (Chrono Boost)  
  34  2:53  Probe (Chrono Boost)  
  34  2:54  Probe (Chrono Boost), Robotics Facility  
  35  3:03  Probe  
  35  3:05  Probe  
  37  3:07  Resonating Glaives (Chrono Boost)  
  37  3:15  Probe  
  37  3:16  Stalker  
  37  3:18  Probe  
  41  3:27  Probe  
  41  3:29  Gateway  
  41  3:30  Probe  
  41  3:32  Gateway  
  43  3:37  Warp Prism (Chrono Boost)  
  45  3:43  Probe  
  46  3:54  Pylon  
  46  3:59  Gateway  
  46  4:00  Gateway  
  46  4:06  Gateway  
  46  4:12  Pylon  
  46  4:16  Observer  
  47  4:21  Pylon  
  47  4:24  Pylon  
  47  4:25  Adept x2  
  47  4:26  Adept  
  53  4:55  Adept x5  
  63  5:08  Probe x2  
  63  5:11  Assimilator  
  65  5:14  Adept  
  65  5:15  Adept, Assimilator  
  65  5:20  Adept x2  
Show
View Real Time Build Order
Export as new Build Order

ИИ 1 (новичок) Terran 

Build Orders:  

Get SALT Encoding   

  12  0:00  SCV  
  13  0:13  SCV  
  14  0:18  Supply Depot  
  14  0:37  Refinery  
  14  0:42  Barracks  
  14  1:04  Supply Depot  
  14  1:12  Refinery  
  14  1:30  Orbital Command, Marine  
  15  1:55  SCV  
  16  2:04  Marine  
  16  2:08  SCV  
  18  2:20  SCV  
  19  2:32  SCV  
  20  2:37  Marine  
  21  2:44  SCV  
  22  2:56  SCV  
  23  4:57  Marine  
  23  5:01  SCV, Supply Depot  
Tags
 
Add a new tag
Caveats
  • Supply blocks, unpowered buildings, or Contaminate may cause inaccurate times.
  • Supply counts are checked every 10 seconds.